 Dungeon Crawl Stone Soup version 0.23.1-37-gaa34b87b72 (webtiles) character file.

Game seed: 3935110629162046931

677 H0rd4k the Thaumaturge (level 7, -4/37 HPs)
             Began as a Deep Elf Wizard on Mar 22, 2019.
             Was an Initiate of Sif Muna.
             Killed by nerve-wracking pain
             ... invoked by a shadow imp
              (11 damage)
             ... on level 6 of the Dungeon.
             The game lasted 00:18:38 (5870 turns).

H0rd4k the Thaumaturge (Deep Elf Wizard)            Turns: 5870, Time: 00:18:38

Health: -4/37      AC:  2    Str:  4      XL:     7   Next: 33%
Magic:  0/21       EV: 13    Int: 23 (25) God:    Sif Muna [......]
Gold:   236        SH:  0    Dex: 12 (13) Spells: 17/23 levels left

rFire    . . .     SeeInvis .   (no weapon)
rCold    . . .     Gourm    .   (no shield)
rNeg     . . .     Faith    .   a - +0 robe
rPois    .         Spirit   .   b - +0 hat
rElec    .         Reflect  .   (no cloak)
rCorr    .         Harm     .   (no gloves)
MR       .....                  (no boots)
Stlth    ++........             (no amulet)
HPRegen  0.12/turn              (no ring)
MPRegen  0.17/turn              (no ring)

@: very slightly contaminated
A: no striking features
a: Renounce Religion


You were on level 6 of the Dungeon.
You worshipped Sif Muna.
Sif Muna was noncommittal.
You were hungry.

You visited 2 branches of the dungeon, and saw 7 of its levels.
You also visited: Sewer.

You collected 236 gold pieces.

Inventory:

Hand Weapons
 h - a +1 dagger of venom
 j - a +3 hunting sling
 o - a +1 hunting sling of flaming
 y - a +3 dagger
Missiles
 k - 22 sling bullets
Armour
 a - a +0 robe (worn)
 b - a +0 hat (worn)
 n - a +0 pair of boots
Wands
 p - a wand of digging (3)
 C - a wand of random effects (23)
Scrolls
 c - 3 scrolls of identify
 e - 3 scrolls of remove curse {unknown}
 f - 3 scrolls of blinking
 g - 7 scrolls of teleportation {unknown}
 i - a scroll of enchant armour {unknown}
 m - a scroll of fog {unknown}
 q - 3 scrolls of enchant weapon {unknown}
 r - a scroll of magic mapping {unknown}
 w - 2 scrolls of fear {unknown}
 A - 2 scrolls of noise {unknown}
 B - 3 scrolls of random uselessness {unknown}
Potions
 l - 3 potions of agility
 s - 3 potions of might
 t - a potion of flight
 u - 2 potions of brilliance {unknown}
 v - 2 potions of heal wounds
 x - a potion of curing {unknown}
Comestibles
 d - 7 rations


   Skills:
 + Level 0.9 Fighting
 + Level 3.7 Dodging
 + Level 3.1 Stealth
 + Level 8.6 Spellcasting
 + Level 4.9 Conjurations
   Level 1.1 Summonings
 + Level 1.3 Translocations
 + Level 0.3 Fire Magic


You had 17 spell levels left.
You knew the following spells:

 Your Spells              Type           Power        Failure   Level  Hunger
a - Magic Dart            Conj           ####         1%          1    None
b - Blink                 Tloc           N/A          5%          2    None
c - Conjure Flame         Conj/Fire      ###.....     6%          3    None

Your spell library contained the following spells:

 Spells                   Type           Power        Failure   Level  Hunger
 Call Imp                 Summ           ###.....     6%          2    None
 Infusion                 Chrm           #...         7%          1    None
 Shroud of Golubria       Chrm/Tloc      ##........   8%          2    None
 Slow                     Hex            #.......     10%         2    None
 Song of Slaying          Chrm           #.......     10%         2    None
 Mephitic Cloud           Conj/Pois/Air  ###.....     10%         3    None
 Regeneration             Chrm/Necr      #.........   21%         3    None
 Spectral Weapon          Hex/Chrm       #.......     21%         3    None


Dungeon Overview and Level Annotations

Branches:
Dungeon (6/15)             Temple (1/1) D:5

Altars:
Ashenzari
Dithmenos
Elyvilon
Fedhas
Gozag
Hepliaklqana
Kikubaaqudgha
Makhleb
Nemelex Xobeh
Okawaru
Qazlal
Ru
Sif Muna
Trog
Uskayaw
Vehumet
Wu Jian
Xom
Yredelemnul
Zin
The Shining One

Shops:
D:5 :?=!(

Annotations:
D:2 exclusion: downstairs, Natasha
D:3 1 runed translucent door, luab's ghost, amateur OgBe
D:4 exclusion: upstairs, Pikel
D:5 exclusion: upstairs, Dowan; Duvessa; Sigmund


Message History

The shadow imp gestures at you.
You struggle to resist.
Casting: Magic Dart (safe; 1% risk of failure)
Confirm with . or Enter, or press ? or * to list all spells.
You don't have enough magic to cast that spell.
Unknown command.
The shadow imp gestures at you. Pain shoots through your body!
* * * LOW HITPOINT WARNING * * *
Casting: Magic Dart (safe; 1% risk of failure)
Confirm with . or Enter, or press ? or * to list all spells.
Aiming: Magic Dart (safe; 1% risk of failure)
Press: ? - help, Shift-Dir - straight line, f/p - shadow imp
Aim: a shadow imp (almost dead)
The magic dart hits the shadow imp but does no damage.
The shadow imp is almost dead.
The shadow imp shouts, "Admit defeat, thou brittle doghearted bounder!"
The shadow imp gestures at you. Pain shoots through your body!
You die...

### ..
############
##.##
#..5.@.....#
#...#
#.########.#
###...### #†##
.#.......##...#
........5...#
#.......##...#
####...########
..<....#
########


You could see a shadow imp.

Vanquished Creatures
  A sky beast (D:5)
  A bullfrog (D:6)
  A gnoll shaman (D:5)
  An orc priest (D:5)
  A jelly (D:5)
  Ijyb (D:5)
  Jessica (D:2)
  Terence (D:2)
  2 worker ants
  2 hound skeletons
  3 gnolls (D:5)
  6 river rats
  5 adders
  An ooze (D:1)
  3 worms (D:2)
  2 dart slugs
  5 leopard geckos
  8 orcs
  6 bats
  5 giant cockroaches
  9 goblins
  10 hobgoblins
  11 jackals
  23 kobolds
  4 ball pythons (Sewer)
  3 frilled lizards
  26 rats
142 creatures vanquished.

Notes
Turn   | Place    | Note
-------+----------+-------------------------------------------
     0 | D:1      | H0rd4k the Deep Elf Wizard began the quest for the Orb.
     0 | D:1      | Reached XP level 1. HP: 10/10 MP: 7/7
   191 | D:1      | Reached skill level 5 in Spellcasting
   213 | D:1      | Reached XP level 2. HP: 15/15 MP: 6/10
  1195 | D:2      | Reached XP level 3. HP: 19/19 MP: 9/12
  1199 | D:2      | Learned a level 2 spell: Blink
  1203 | D:2      | Learned a level 3 spell: Conjure Flame
  1412 | D:2      | Noticed Natasha
  1450 | D:2      | Noticed Terence
  1549 | D:2      | Killed Terence
  1549 | D:2      | Reached XP level 4. HP: 11/24 MP: 2/13
  1679 | D:2      | Noticed Jessica
  1683 | D:2      | Killed Jessica
  1683 | D:2      | Reached skill level 6 in Spellcasting
  2800 | D:3      | Found a runed translucent door.
  2800 | D:3      | Noticed luab's ghost (amateur OgBe)
  2816 | D:3      | Reached XP level 5. HP: 28/28 MP: 13/16
  2988 | D:3      | Found a glowing drain.
  3068 | Sewer    | Entered a sewer
  3147 | Sewer    | Reached skill level 7 in Spellcasting
  3717 | Sewer    | Reached XP level 6. HP: 32/32 MP: 10/18
  4065 | D:3      | Found an opulent altar of Gozag.
  4066 | D:3      | Found a blossoming altar of Fedhas.
  4074 | D:3      | Found a shattered altar of Ashenzari.
  4478 | D:4      | Noticed Pikel
  4478 | D:4      | Noticed a slave
  4478 | D:4      | Noticed a slave
  4478 | D:4      | Noticed a slave
  4544 | D:5      | Entered Level 5 of the Dungeon
  4554 | D:5      | Reached skill level 8 in Spellcasting
  4653 | D:5      | Found a bloodstained altar of Trog.
  4742 | D:5      | Found a staircase to the Ecumenical Temple.
  4753 | Temple   | Entered the Ecumenical Temple
  4807 | Temple   | Became a worshipper of Sif Muna the Loreminder
  4836 | D:5      | Noticed Sigmund
  4880 | D:5      | Noticed Duvessa
  4926 | D:5      | Found Xaomn's Weapon Boutique.
  4973 | D:5      | Noticed a sky beast
  5035 | D:5      | Found a sacrificial altar of Ru.
  5209 | D:5      | Found Kamef's Jewellery Boutique.
  5225 | D:5      | Found Ziluexte's Book Boutique.
  5242 | D:5      | Found Velykhlu's Magic Scroll Emporium.
  5331 | D:5      | Noticed Ijyb
  5343 | D:5      | Killed Ijyb
  5440 | D:5      | Found Cuschiar's Distillery.
  5473 | D:5      | Killed a sky beast
  5473 | D:5      | Reached XP level 7. HP: 36/36 MP: 9/20
  5724 | D:5      | Noticed Dowan
  5870 | D:6      | Killed from afar by a shadow imp

Skill      XL: |  1  2  3  4  5  6 |
---------------+-------------------+-----
Spellcasting   | 5 6 7 8 |  8.6
Conjurations   | 2 3 4 |  4.9
Dodging        | 3 |  3.7
Stealth        | 3 |  3.1
Fighting       | |  0.9
Summonings     | |  1.1
Translocations | |  1.3
Fire Magic     | |  0.3

Action                   |  1- 3 |  4- 6 |  7- 9 || total
-------------------------+-------+-------+-------++-------
 Cast: Magic Dart        |    95 |   309 |    39 ||   443
       Blink             |       |     1 |     2 ||     3
       Conjure Flame     |       |     6 |     3 ||     9
  Use: Potion            |       |     4 |       ||     4
       Scroll            |       |     3 |     1 ||     4
  Eat: Chunk             |     1 |    13 |       ||    14
Armor: Robe              |     7 |    14 |     1 ||    22
Dodge: Dodged            |    32 |    47 |     4 ||    83
